 Dungeon Crawl Stone Soup version 0.22.1-2-g9c5b331383 (webtiles) character file.

44886 1player the Impaler (level 14, 0/108 HPs)
             Began as a Merfolk Gladiator on Nov 29, 2018.
             Was a High Priest of Hepliaklqana.
             Slain by a komodo dragon (12 damage)
             ... on level 6 of the Lair of Beasts.
             The game lasted 01:04:31 (24919 turns).

1player the Impaler (Merfolk Gladiator)            Turns: 24919, Time: 01:04:32

Health: 0/108      AC: 12    Str: 17    XL:     14   Next: 30%
Magic:  18/18      EV: 17    Int:  8    God:    Hepliaklqana [*****.]
Gold:   430        SH:  0    Dex: 17    Spells: 8/13 levels left

rFire    . . .     SeeInvis .   a - +0 halberd (flame)
rCold    . . .     Gourm    .   (shield currently unavailable)
rNeg     . . .     Faith    .   Y - +2 scale mail {MR+}
rPois    +         Spirit   .   Q - +1 hat {MR+}
rElec    .         Reflect  .   V - +0 cloak
rCorr    .         Harm     .   (no gloves)
MR       +++..                  (no boots)
Stlth    ..........             x - amulet of the acrobat
HPRegen  0.28/turn              N - ring of poison resistance
MPRegen  0.16/turn              y - +2 ring of evasion

@: no status effects
A: change form in water, swift swim, stealthy swim, reduced essence
a: Recall Ancestor, Ancestor Identity, Transference, Idealise, Renounce Religion


You were on level 6 of the Lair of Beasts.
You worshipped Hepliaklqana.
Hepliaklqana was extremely pleased with you.
You were hungry.

You visited 3 branches of the dungeon, and saw 18 of its levels.

You collected 1086 gold pieces.
You spent 656 gold pieces at shops.

Inventory:

Hand Weapons
 a - a +0 halberd of flaming (weapon)
 b - a +0 blowgun
Missiles
 d - 5 throwing nets
 l - 5 javelins of returning (quivered)
 D - 12 curare-tipped needles
Armour
 Q - a +1 hat of magic resistance (worn)
 V - a +0 cloak (worn)
 X - a +0 plate armour
 Y - a +2 scale mail of magic resistance (worn)
Jewellery
 x - an amulet of the acrobat (around neck)
 y - a +2 ring of evasion (right hand)
 H - an uncursed ring of positive energy
 I - an uncursed amulet of the gourmand
 L - the ring of Kiumepn {rF+ SInv}
   (You found it on level 7 of the Dungeon)

   [ring of see invisible]

   It protects you from fire.
   It lets you see invisible.
 M - a +5 amulet of reflection
 N - a ring of poison resistance (left hand)
 Z - an uncursed ring of resist corrosion
Wands
 z - a wand of digging (18)
 J - a wand of scattershot (4)
 P - a wand of disintegration (25) {!d}
 U - a wand of enslavement (34)
 W - a wand of acid (2)
Scrolls
 f - 6 scrolls of remove curse {@r2}
 m - 2 scrolls of identify {@r1}
 t - 6 scrolls of teleportation
 v - 3 scrolls of immolation
 A - 2 scrolls of enchant weapon
 B - 3 scrolls of fog
 F - a scroll of summoning
 G - 2 scrolls of magic mapping
 O - a scroll of fear
Potions
 n - a potion of lignification
 o - 5 potions of ambrosia
 r - 6 potions of brilliance
 s - a potion of resistance
 u - a potion of cancellation
 w - 2 potions of mutation
 E - a potion of haste
 K - 3 potions of magic
 S - 2 potions of agility
 T - a potion of might
Miscellaneous
 p - a phantom mirror
Comestibles
 e - 19 rations {!d}
 C - 6 chunks of flesh


   Skills:
 + Level 14.2 Fighting
 - Level 16.0 Polearms
 - Level 4.0 Throwing
 + Level 7.5 Armour
 + Level 9.0 Dodging
 - Level 9.0 Hexes
 - Level 5.0 Fire Magic
 - Level 6.0 Invocations


You had 8 spell levels left.
You knew the following spells:

 Your Spells              Type           Power        Failure   Level  Hunger
a - Inner Flame           Hex/Fire       ##......     22%         3    ####...
s - Slow                  Hex            ##......     4%          2    ###....

Your spell library contained the following spells:

 Spells                   Type           Power        Failure   Level  Hunger
 Corona                   Hex            ##.....      3%          1    ##.....
 Cause Fear               Hex            ##........   30%         4    #####..
 Portal Projectile        Hex/Tloc       #.....       52%         3    ####...
 Animate Skeleton         Necr           N/A          77%         1    ##.....
 Freeze                   Ice            #...         77%         1    ##.....
 Magic Dart               Conj           #...         77%         1    ##.....
 Pain                     Necr           #...         77%         1    ##.....
 Conjure Flame            Conj/Fire      #.......     80%         3    ####...
 Blink                    Tloc           N/A          88%         2    ###....
 Call Imp                 Summ           #.......     88%         2    ###....
 Throw Frost              Conj/Ice       #.....       88%         2    ###....
 Leda's Liquefaction      Hex/Erth       #.........   89%         4    #####..
 Mephitic Cloud           Conj/Pois/Air  #.......     98%         3    ####...
 Ozocubu's Armour         Chrm/Ice       #.......     98%         3    ####...
 Regeneration             Chrm/Necr      #.........   98%         3    ####...
 Vampiric Draining        Necr           #.........   98%         3    ####...
 Animate Dead             Necr           N/A          100%        4    #####..
 Summon Ice Beast         Ice/Summ       #.......     100%        4    #####..
 Throw Icicle             Conj/Ice       #.......     100%        4    #####..


Dungeon Overview and Level Annotations

Branches:
Dungeon (11/15)            Temple (1/1) D:7            Lair (6/6) D:11
 Shoals (0/4) Lair:2        Snake (0/4) Lair:3        Slime (0/5) Lair:6
    Orc (0/2) D:9

Altars:
Ashenzari
Cheibriados
Elyvilon
Hepliaklqana
Kikubaaqudgha
Makhleb
Nemelex Xobeh
Okawaru
Ru
Sif Muna
Uskayaw
Xom
Zin
The Shining One
Beogh

Shops:
D:5 =   D:6 ?   D:10 :

Annotations:
D:4 exclusion: downstairs
D:9 exclusion: downstairs
D:10 exclusion: ice statue
Lair:4 1 runed door, Ypoint's ghost, adept DsAK


Message History

The komodo dragon barely misses you.
Evoke which item? (* to show all) (? for menu, Esc to quit)
Aiming: Corrosive Bolt
Press: ? - help, Shift-Dir - straight line, f/p - komodo dragon
Aim: a komodo dragon (heavily wounded, covered in acid)
The bolt of acid hits the komodo dragon.
The komodo dragon is splashed with acid.
The acid corrodes the komodo dragon!
The komodo dragon is severely wounded.
The komodo dragon bites you but does no damage.
You hit the komodo dragon. You burn the komodo dragon.
The komodo dragon is severely wounded.
You completely miss the komodo dragon.
The komodo dragon is severely wounded.
The komodo dragon misses you.
You closely miss the komodo dragon.
The komodo dragon is severely wounded.
Cyneburga emerges from the mists of memory!
The komodo dragon bites you!
You die...

## #.P.#[...
........## ..
........P#
...........P#
............#
##P......#.########
# #.#.#.......R..#
. # # #...####l###
# .%..##.. ##@#
..... ...# ##.#
.... .+... ## ...
.#...## ..... ...#
#. ...#


You could see the friendly Cyneburga the knight and a komodo dragon.

Vanquished Creatures
  Gastronok (D:8)
  Snorg (Lair:4)
  Josephine (D:10)
  Harold (D:11)
  3 hydras
  A catoblepas (Lair:5)
  A two-headed ogre (D:10)
  Erica (D:8)
  4 death yaks
  A queen ant (Lair:3)
  Urug (D:11)
  A harpy (Lair:6)
  An oklob plant (D:11)
  An ugly thing (D:11)
  A manticore (Lair:2)
  7 elephants
  Maurice (D:8)
  4 black mambas
  Joseph (D:8)
  3 rime drakes
  4 spiny frogs
  2 komodo dragons
  A troll (D:9)
  Prince Ribbit (D:8)
  3 blink frogs (Lair:3)
  5 hippogriffs
  4 wraiths (D:10)
  A basilisk (Lair:3)
  3 wyverns (Lair:6)
  21 yaks
  A hungry ghost (D:7)
  A naga (Lair:3)
  4 soldier ants (Lair:3)
  10 water moccasins
  9 porcupines
  3 orc warriors
  A phantom (D:11)
  A black bear (Lair:2)
  A necrophage (D:10)
  A sky beast (D:9)
  5 wolves
  4 ogres
  The ghost of highc0 the Poker, an amateur HuWn (D:3)
  2 centaurs
  3 big kobolds
  10 crocodiles
  Blork the orc (D:4)
  15 bullfrogs
  4 scorpions
  A water moccasin skeleton (D:6)
  9 wights
  A howler monkey (D:8)
  An electric eel (Lair:4)
  6 crimson imps
  A centaur zombie (D:7)
  5 jellies
  A bullfrog zombie (D:7)
  3 hounds
  4 bullfrog skeletons
  A centaur skeleton (D:7)
  7 orc priests
  2 iguanas
  6 orc wizards
  21 worker ants
  2 hound zombies
  2 worker ant zombies
  11 adders
  An adder zombie (D:9)
  4 worms
  A dart slug (D:1)
  4 leopard geckos
  25 orcs
  6 bats
  2 goblins
  2 hobgoblins
  8 jackals
  12 kobolds
  2 quokkas
  2 ball pythons
  3 frilled lizards
  2 leopard gecko skeletons
  A quokka skeleton (D:4)
  6 rats
  3 plants
326 creatures vanquished.

Vanquished Creatures (collateral kills)
  A hydra (Lair:5)
  A two-headed ogre (D:10)
  Sonja (Lair:3)
  An oklob plant (D:11)
  6 elephants
  3 spiny frogs
  2 komodo dragons
  A merfolk (D:9)
  A polar bear (Lair:5)
  3 hippogriffs
  A shadow (D:11)
  10 yaks
  2 nagas (Lair:3)
  2 soldier ants (Lair:3)
  A water moccasin (D:10)
  2 porcupines
  3 orc warriors
  An ogre (D:9)
  3 centaurs
  A big kobold (D:9)
  2 crocodiles (Lair:1)
  2 bullfrogs
  A water moccasin zombie (D:7)
  A wyvern skeleton (D:9)
  2 scorpions
  4 wights
  A centaur zombie (D:5)
  A quasit (D:5)
  A crimson imp (D:6)
  2 hounds
  2 orc priests (D:9)
  An iguana (D:11)
  4 orc wizards
  10 worker ants
  5 adders
  A shadow imp (D:7)
  An ooze (D:5)
  An adder skeleton (D:4)
  A worm (D:3)
  A leopard gecko (D:5)
  7 orcs
  3 giant cockroaches
  A hobgoblin (D:3)
  5 jackals
  A jackal skeleton (D:8)
  3 kobolds
  A fungus (Lair:5)
111 creatures vanquished.

Vanquished Creatures (others)
  A centaur (D:7)
  An orc wizard (D:7)
  13 knights
  An adder (D:7)
  5 ancestors
  4 fungi
  8 plants
33 creatures vanquished.

Grand Total: 470 creatures vanquished

Notes
Turn   | Place    | Note
-------+----------+-------------------------------------------
     0 | D:1      | 1player the Merfolk Gladiator began the quest for the Orb.
     0 | D:1      | Reached XP level 1. HP: 16/16 MP: 1/1
   240 | D:1      | Reached skill level 5 in Polearms
   240 | D:1      | Reached XP level 2. HP: 23/23 MP: 2/2
   373 | D:1      | You fall through a shaft!
  1100 | D:2      | Found a hazy altar of Hepliaklqana.
  1108 | D:2      | Became a worshipper of Hepliaklqana the Forgotten
  1144 | D:2      | Reached XP level 3. HP: 16/25 MP: 3/3
  1465 | D:2      | Found a burning altar of Makhleb.
  1574 | D:2      | Found an ancient bone altar of Kikubaaqudgha.
  1930 | D:3      | Reached skill level 6 in Polearms
  2036 | D:3      | Reached XP level 4. HP: 10/31 MP: 4/4
  2279 | D:3      | Found a runed door.
  2279 | D:3      | Noticed highc0's ghost (amateur HuWn)
  2279 | D:3      | Noticed a bullfrog
  2316 | D:3      | Found a shattered altar of Ashenzari.
  2344 | D:3      | Reached * piety under Hepliaklqana
  2418 | D:3      | Found a white marble altar of Elyvilon.
  2715 | D:3      | Found a runed door.
  2956 | D:4      | Noticed Blork the orc
  2982 | D:4      | Killed Blork the orc
  2982 | D:4      | Reached skill level 7 in Polearms
  2982 | D:4      | Reached XP level 5. HP: 37/37 MP: 5/5
  3051 | D:4      | Noticed a centaur
  3053 | D:4      | Found a glowing golden altar of the Shining One.
  3057 | D:4      | Found a transporter.
  3069 | D:4      | Found a transporter.
  3541 | D:4      | Noticed an ogre
  3585 | D:4      | Killed an ogre
  3585 | D:4      | Reached skill level 8 in Polearms
  3585 | D:4      | Reached XP level 6. HP: 27/44 MP: 4/6
  4146 | D:4      | Reached skill level 9 in Polearms
  4369 | D:5      | Entered Level 5 of the Dungeon
  4424 | D:5      | Found Fuschopteo's Jewellery Shoppe.
  4734 | D:5      | Reached XP level 7. HP: 49/49 MP: 7/7
  5003 | D:5      | Reached skill level 5 in Fighting
  5131 | D:5      | Reached skill level 10 in Polearms
  5406 | D:5      | Reached ** piety under Hepliaklqana
  5407 | D:5      | Remembered your ancestor Cyneburga as a knight
  5912 | D:6      | Found a snail-covered altar of Cheibriados.
  5958 | D:6      | Reached skill level 11 in Polearms
  5958 | D:6      | Reached XP level 8. HP: 53/57 MP: 8/8
  6269 | D:6      | Found Zukleib's Magic Scroll Shoppe.
  6286 | D:6      | Bought a scroll of summoning for 114 gold pieces
  6286 | D:6      | Bought a scroll of magic mapping for 42 gold pieces
  6575 | D:7      | Reached skill level 5 in Dodging
  6615 | D:7      | Found a staircase to the Ecumenical Temple.
  6627 | Temple   | Entered the Ecumenical Temple
  6645 | D:7      | Found a glowing silver altar of Zin.
  6645 | D:7      | Found a deep blue altar of Sif Muna.
  6658 | D:7      | Reached *** piety under Hepliaklqana
  6943 | D:7      | Found a shimmering altar of Xom.
  6947 | D:7      | Found the +6 Majin-Bo {vamp, Archmagi MP+6 Int+6}
  6956 | D:7      | Reached skill level 12 in Polearms
  7056 | D:7      | Got a heavily runed marble ring
  7089 | D:7      | Reached XP level 9. HP: 51/63 MP: 9/9
  7227 | D:7      | Found a hide-covered altar of Uskayaw.
  7793 | D:7      | Learned a level 3 spell: Inner Flame
  8091 | D:7      | Reached skill level 13 in Polearms
  8217 | D:8      | Identified the ring of Kiumepn {rF+ SInv} (You found it on
                  | level 7 of the Dungeon)
  8240 | D:8      | Reached skill level 1 in Hexes
  8326 | D:8      | Found a sparkling altar of Nemelex Xobeh.
  8345 | D:8      | Noticed Prince Ribbit
  8357 | D:8      | Killed Prince Ribbit
  8357 | D:8      | Reached skill level 1 in Fire Magic
  8611 | D:8      | Found a sacrificial altar of Ru.
  8707 | D:8      | Noticed Gastronok
  8744 | D:8      | Killed Gastronok
  8744 | D:8      | Reached XP level 10. HP: 17/73 MP: 10/10
  8854 | D:8      | Reached skill level 14 in Polearms
  9037 | D:8      | Reached **** piety under Hepliaklqana
  9097 | D:8      | Noticed Joseph
  9117 | D:8      | Killed Joseph
  9209 | D:8      | Noticed Maurice
  9225 | D:8      | Killed Maurice
  9559 | D:8      | Noticed Erica
  9568 | D:8      | Killed Erica
  9750 | D:9      | Reached skill level 15 in Polearms
 10286 | D:9      | Reached skill level 10 in Fighting
 10561 | D:9      | Reached XP level 11. HP: 43/81 MP: 11/11
 10854 | D:9      | Found a staircase to the Orcish Mines.
 10942 | D:9      | Found a transporter.
 11376 | D:10     | Entered Level 10 of the Dungeon
 11400 | D:10     | Noticed a two-headed ogre
 11644 | D:6      | Bought a scroll of brand weapon for 240 gold pieces
 11836 | D:10     | Noticed a two-headed ogre
 11849 | D:10     | Killed a two-headed ogre
 11902 | D:10     | Found Pacyur's Book Boutique.
 11921 | D:10     | Killed a two-headed ogre
 11921 | D:10     | Reached skill level 5 in Hexes
 12408 | D:10     | Reached ***** piety under Hepliaklqana
 12454 | D:10     | Noticed Josephine
 12466 | D:10     | Killed Josephine
 12938 | D:11     | Reached skill level 16 in Polearms
 13176 | D:11     | Noticed Urug
 13217 | D:11     | Killed Urug
 13325 | D:11     | Reached skill level 5 in Fire Magic
 13338 | D:11     | Reached XP level 12. HP: 79/90 MP: 12/12
 13414 | D:11     | Noticed Harold
 13434 | D:11     | Killed Harold
 13434 | D:11     | Reached skill level 1 in Armour
 13668 | D:11     | Found a staircase to the Lair.
 13887 | D:11     | Found an iron altar of Okawaru.
 14648 | D:3      | Killed highc0's ghost
 14993 | D:9      | Found a roughly hewn altar of Beogh.
 15008 | D:9      | Reached skill level 1 in Invocations
 15188 | D:9      | Found a transporter.
 15307 | D:5      | Bought an uncursed ring of resist corrosion for 260 gold
                  | pieces
 15837 | Lair:1   | Entered Level 1 of the Lair of Beasts
 16944 | Lair:2   | Found a staircase to the Shoals.
 18249 | Lair:3   | Noticed Sonja
 18257 | Lair:3   | Killed Sonja
 18257 | Lair:3   | Reached skill level 5 in Invocations
 18264 | Lair:3   | Reached XP level 13. HP: 69/96 MP: 16/16
 18581 | Lair:3   | Found a staircase to the Snake Pit.
 19344 | Lair:3   | Learned a level 2 spell: Slow
 19568 | Lair:3   | Reached skill level 5 in Armour
 20319 | Lair:4   | Noticed Snorg
 21491 | Lair:4   | Killed Snorg
 22124 | Lair:4   | Found a runed door.
 22124 | Lair:4   | Found a shimmering altar of Xom.
 22124 | Lair:4   | Noticed Ypoint's ghost (adept DsAK)
 23060 | Lair:5   | Reached XP level 14. HP: 52/107 MP: 14/18
 24376 | Lair:6   | Entered Level 6 of the Lair of Beasts
 24894 | Lair:6   | Found a staircase to the Slime Pits.
 24919 | Lair:6   | Slain by a komodo dragon

Skill      XL: |  1  2  3  4  5  6  7  8  9 10 11 12 13 14 |
---------------+-------------------------------------------+-----
Polearms       | 5 6 7 8 9 11 12 13 15 16 | 16.0
Fighting       | 3 4 5 6 8 10 11 13 14 | 14.2
Dodging        | 5 6 7 9 |  9.0
Throwing       | 3 4 |  4.0
Hexes          | 3 7 9 |  9.0
Fire Magic     | 2 5 |  5.0
Armour         | 4 6 7 |  7.5
Invocations    | 5 6 |  6.0

Action                   |  1- 3 |  4- 6 |  7- 9 | 10-12 | 13-15 || total
-------------------------+-------+-------+-------+-------+-------++-------
Melee: Trident           |    85 |    92 |   201 |       |       ||   378
       Halberd           |       |       |    67 |   661 |   489 ||  1217
       Tailslap          |       |       |       |       |     6 ||     6
Throw: Throwing net      |     2 |       |       |       |       ||     2
       Javelin           |       |       |       |       |     1 ||     1
 Cast: Inner Flame       |       |       |       |       |     4 ||     4
Invok: Recall Ancestor   |     1 |     2 |       |     6 |     6 ||    15
       Ancestor Life: Kn |       |       |     1 |       |       ||     1
       Idealise          |       |       |       |     2 |     2 ||     4
       Ancestor Identity |       |       |       |     1 |       ||     1
Evoke: Wand              |       |       |       |     9 |     7 ||    16
  Use: Scroll            |     6 |     8 |     6 |     7 |    11 ||    38
       Potion            |       |     1 |     1 |     1 |     7 ||    10
 Stab: Sleeping          |     2 |       |       |       |       ||     2
       Distracted        |       |     1 |     4 |     4 |     6 ||    15
  Eat: Chunk             |     2 |     6 |     6 |    19 |    29 ||    62
       Ration            |     1 |       |     3 |     3 |     1 ||     8
Armor: Leather armour    |     7 |       |       |       |       ||     7
       Scale mail        |    13 |    23 |    12 |    72 |   123 ||   243
       Chain mail        |       |       |    43 |    31 |       ||    74
       Skin              |       |       |       |       |     3 ||     3
Dodge: Dodged            |    28 |    43 |    69 |   214 |   270 ||   624
